 Dungeon Sprint DCSS version 0.30-a0-58-gc0703345a7 (webtiles) character file.

Game seed: 15266312342483444011

133 lesbiats the Ducker (level 5, -25/57 HPs)
             Began as an Ogre Gladiator on Sept 11, 2022.
             Was an Initiate of Jiyva.
             Annihilated by a two-headed ogre
             ... wielding a +0 giant club
              (33 damage)
             ... in the Dungeon (Sprint IX: "|||||||||||||||||||||||||||||").
             The game lasted 00:02:42 (465 turns).

lesbiats the Ducker (Ogre Gladiator)                 Turns: 465, Time: 00:02:43

Health: -25/57     AC:  3    Str: 20    XL:     5   Next: 16%
Magic:  5/5        EV: 14    Int:  9    God:    Jiyva [......]
Gold:   0          SH:  0    Dex: 13    Spells: 4/4 levels left

rFire   . . .      SeeInvis .    n - +2 dire flail (vorpal)
rCold   . . .      Faith    .    (shield currently unavailable)
rNeg    . . .      Spirit   .    b - +0 robe
rPois   .          Reflect  .    c - +0 hat
rElec   .          Harm     .    (no cloak)
rCorr   .          Rampage  .    (gloves unavailable)
Will    .....      NoTele   +    (boots unavailable)
Stlth   +.........               (no amulet)
HPRegen 0.19/turn                o - +2 ring of evasion
MPRegen 0.09/turn                p - +3 ring of dexterity

@: no status effects
A: large, unfitting armour, tough skin 1
a: Renounce Religion


You were in the Dungeon.
You worshipped Jiyva.
Jiyva was noncommittal.
You visited 1 branch

Inventory:

Hand Weapons
 a - a +0 flail
 n - a +2 vorpal dire flail (weapon)
Missiles
 d - 3 throwing nets (quivered)
Armour
 b - a +0 robe (worn)
 c - a +0 hat (worn)
Jewellery
 o - a +2 ring of evasion (left hand)
 p - a +3 ring of dexterity (right hand)
Wands
 m - a wand of light (10)
Scrolls
 k - a scroll of blinking
 l - 2 scrolls of amnesia
Potions
 f - 4 potions of curing
 g - 3 potions of heal wounds
 h - a potion of haste
 i - 4 potions of magic
 j - a potion of invisibility


   Skills:
 + Level 5.0 Fighting
 + Level 5.9 Maces & Flails
 - Level 2.0 Throwing
 + Level 7.2 Dodging


You had 4 spell levels left.
You didn't know any spells.
Your spell library was empty.

Dungeon Overview and Level Annotations

Branches:
Dungeon (1/1)

Altars:
Cheibriados
Dithmenos
Elyvilon
Fedhas
Gozag
Hepliaklqana
Kikubaaqudgha
Makhleb
Nemelex Xobeh
Okawaru
Qazlal
Ru
Sif Muna
Trog
Uskayaw
Vehumet
Wu Jian
Xom
Yredelemnul
Zin
The Shining One
Jiyva
Lugonu


Innate Abilities, Weirdness & Mutations

You are too large for most types of armour.
You have tough skin. (AC +1)


Message History

You see here a +0 pair of gloves.
You see here a +0 pair of boots.
You see here a +1 chain mail.
o - a +2 ring of evasion
p - a +3 ring of dexterity
o - a +2 ring of evasion (left hand)
You feel agile.
p - a +3 ring of dexterity (right hand)
You open the door.
A two-headed ogre, a steam dragon, 2 kobold brigands, a troll and a yak come into view.
A kobold brigand is wielding a +0 short sword and quivering curare-tipped darts.
A kobold brigand is wielding a +0 short sword and quivering poisoned darts.
The two-headed ogre shouts in stereo!
The kobold brigand shouts!
The steam dragon hisses angrily.
The kobold brigand shouts!
The troll shouts!
You barely miss the two-headed ogre. The two-headed ogre barely misses you.
The two-headed ogre hits you with a +0 giant club!!
You barely miss the two-headed ogre.
Okay, then.
Okay, then.
Blink to where?
Press: ? - help, Dir - move target
As you read the scroll of blinking, it crumbles to dust.
Throw: large rock
Press: ? - help, Shift-Dir - straight line, f - two-headed ogre
Aim: a two-headed ogre, wielding two +0 giant clubs (translocational energy, 75% to hit)
You throw a large rock.
The large rock completely misses the two-headed ogre.
You feel better.
Items here: ))))).
You puncture the two-headed ogre!
The two-headed ogre is moderately wounded.
The two-headed ogre closely misses you.
The two-headed ogre hits you with a +0 giant club!!
Ouch! That really hurt!
* * * LOW HITPOINT WARNING * * *
You completely miss the two-headed ogre.
The two-headed ogre is moderately wounded.
The two-headed ogre misses you.
The two-headed ogre hits you with a +0 giant club!!
Ouch! That really hurt!
You die...

▓_▓
▓_▓
▓_▓
▓_▓
▓_▓
▓'▓
▓.▓
▓.▓
▓@▓
▓O▓
▓K▓
▓D▓
▓K▓
▓.▓
▓T▓
▓'▓
▓.▓


You could see a two-headed ogre, a troll, a steam dragon and 2 kobold brigands.

Vanquished Creatures
  A scorpion (D)
  2 hounds (D)
  A white imp (D)
  An orc (D)
  2 bats (D)
  An endoplasm (D)
  A hobgoblin (D)
  A jackal (D)
10 creatures vanquished.

Vanquished Creatures (others)
  A yaktaur (D)
  3 slime creatures (D)
4 creatures vanquished.

Grand Total: 14 creatures vanquished

Notes
Turn   | Place    | Note
-------+----------+-------------------------------------------
     0 | D        | lesbiats the Ogre Gladiator began the quest for the Orb.
     0 | D        | Reached XP level 1. HP: 22/22 MP: 1/1
     8 | D        | Reached skill level 3 in Dodging
    26 | D        | Reached XP level 2. HP: 18/31 MP: 2/2
   158 | D        | Noticed a scorpion
   162 | D        | Reached skill level 5 in Dodging
   162 | D        | Reached XP level 3. HP: 24/39 MP: 3/3
   168 | D        | Killed a scorpion
   169 | D        | Reached skill level 5 in Maces & Flails
   169 | D        | Reached skill level 6 in Dodging
   169 | D        | Reached XP level 4. HP: 28/49 MP: 4/4
   174 | D        | Reached skill level 5 in Fighting
   174 | D        | Reached skill level 7 in Dodging
   174 | D        | Reached XP level 5. HP: 20/57 MP: 5/5
   409 | D        | Found a snail-covered altar of Cheibriados.
   409 | D        | Found a shadowy altar of Dithmenos.
   409 | D        | Found a white marble altar of Elyvilon.
   409 | D        | Found a blossoming altar of Fedhas.
   409 | D        | Found an opulent altar of Gozag.
   410 | D        | Found a hazy altar of Hepliaklqana.
   411 | D        | Found a viscous altar of Jiyva.
   412 | D        | Found an ancient bone altar of Kikubaaqudgha.
   413 | D        | Found a corrupted altar of Lugonu.
   414 | D        | Found a burning altar of Makhleb.
   415 | D        | Found a sparkling altar of Nemelex Xobeh.
   416 | D        | Found an iron altar of Okawaru.
   417 | D        | Found a stormy altar of Qazlal.
   418 | D        | Found a sacrificial altar of Ru.
   419 | D        | Became a worshipper of Jiyva Jinui the Shapeless
   420 | D        | Found a shimmering blue altar of Sif Muna.
   420 | D        | Killed a slime creature
   421 | D        | Found a bloodstained altar of Trog.
   421 | D        | Killed a yaktaur
   422 | D        | Found a hide-covered altar of Uskayaw.
   422 | D        | Killed a slime creature
   423 | D        | Found a radiant altar of Vehumet.
   424 | D        | Found an ornate altar of the Wu Jian Council.
   424 | D        | Killed a slime creature
   425 | D        | Found a shimmering altar of Xom.
   426 | D        | Found a basalt altar of Yredelemnul.
   427 | D        | Found a glowing silver altar of Zin.
   428 | D        | Found a glowing golden altar of the Shining One.
   456 | D        | Noticed a two-headed ogre
   456 | D        | Noticed a kobold brigand
   456 | D        | Noticed a steam dragon
   456 | D        | Noticed a kobold brigand
   456 | D        | Noticed a troll
   456 | D        | Noticed a yak
   465 | D        | Annihilated by a two-headed ogre

Illustrated notes

Levels and vault maps discovered:
D:        linesprint [early_d, line_temple, items_1, d_10, items_2, lair_1,
          lair_end, items_3, orc_1, orc_end, items_4, d_15, swamp_1, shoals_1,
          snake_1, spider_1, d_20, vaults_1, items_5, swamp_end, shoals_end,
          snake_end, spider_end, vaults_end, d_27, items_6, zot_1, zot_end,
          crypt_end, forest_end, elf_end, slime_end, tomb_end, abyss_end,
          pan_hell_end]

Skill      XL: |  1  2  3  4 |
---------------+-------------+-----
Dodging        | 3 5 6 7 |  7.2
Maces & Flails | 3 4 5 |  5.9
Fighting       | 3 4 5 |  5.0
Throwing       | |  2.0

Action                   |  1- 3 |  4- 6 || total
-------------------------+-------+-------++-------
Melee: Flail             |    30 |     5 ||    35
       Dire flail        |       |     4 ||     4
Throw: Large rock        |       |     1 ||     1
  Use: Potion            |     1 |     1 ||     2
       Scroll            |       |     1 ||     1
Armor: Robe              |     9 |       ||     9
Dodge: Dodged            |    17 |     3 ||    20

Table legend: (Time is in decaauts)
 A = Elapsed time spent in this place.
 B = Non-inter-level travel time spent in this place.
 C = Inter-level travel time spent in this place.
 D = Time resting spent in this place.
 E = Time spent auto-exploring this place.
 F = Levels seen in this place.
 G = Mean time per level.
                   A        B        C        D        E       F      G
               +--------+--------+--------+--------+--------+-----+--------+
         Total |    480 |    480 |      0 |    364 |      3 |   1 |  480.0 |
       Dungeon |    480 |    480 |      0 |    364 |      3 |   1 |  480.0 |
               +--------+--------+--------+--------+--------+-----+--------+

Top non-repeatable levels by time:
       D: 480 daAuts
